 Dungeon Crawl Stone Soup version 0.22-a0-274-gf8199ec (webtiles) character file.

234 tidbits the Firebug (level 6, -5/44 HPs)
             Began as a Gnoll Fire Elementalist on Mar 14, 2018.
             Slain by an iguana (8 damage)
             ... on level 5 of the Dungeon.
             The game lasted 00:07:34 (833 turns).

tidbits the Firebug (Gnoll Fire Elementalist)        Turns: 833, Time: 00:07:35

Health: -5/44      AC:  3    Str: 11    XL:     6   Next: 5%
Magic:  7/13       EV: 15    Int: 19    God:
Gold:   119        SH:  0    Dex: 15    Spells: 5/15 levels left

rFire    . . .     SeeInvis .   a - +2 hand axe (venom)
rCold    . . .     Gourm    .   (no shield)
rNeg     . . .     Faith    .   b - +0 robe
rPois    .         Spirit   .   (no helmet)
rElec    .         Reflect  .   (no cloak)
rCorr    .         Harm     .   (no gloves)
MR       .....                  F - +0 pair of boots
Stlth    +++.......             (no amulet)
HPRegen  0.14/turn              (no ring)
MPRegen  0.13/turn              (no ring)

@: very slightly contaminated
A: distributed training, fangs 1, strong nose
a: no special abilities


You were on level 5 of the Dungeon.
You were not hungry.

You visited 1 branch of the dungeon, and saw 5 of its levels.

You collected 119 gold pieces.

Inventory:

Hand Weapons
 a - a +2 hand axe of venom (weapon)
   (You found it on level 2 of the Dungeon)
 m - a +0 hand axe
 o - a +0 dagger
Missiles
 n - 8 tomahawks (quivered)
Armour
 b - a +0 robe (worn)
 F - a +0 pair of boots (worn)
Jewellery
 f - an uncursed ring of teleportation
   (You found it on level 4 of the Dungeon)
Wands
 p - a wand of flame (36)
Scrolls
 d - a scroll of fog {unknown}
 e - a scroll of magic mapping {unknown}
 h - a scroll of immolation {unknown}
 k - a scroll of remove curse
 q - a scroll of teleportation {unknown}
Potions
 g - a potion of mutation {unknown}
 i - a potion of ambrosia {unknown}
 j - a potion of might {unknown}
 l - a potion of haste {unknown}
 r - 2 potions of curing {unknown}
Comestibles
 c - 4 rations


   Skills:
 + Level 1.7 Fighting
 + Level 1.7 Short Blades
 + Level 1.7 Long Blades
 + Level 1.7 Axes
 + Level 1.7 Maces & Flails
 + Level 1.7 Polearms
 + Level 1.7 Staves
 + Level 1.7 Slings
 + Level 1.7 Bows
 + Level 1.7 Crossbows
 + Level 1.7 Throwing
 + Level 1.7 Armour
 + Level 4.9 Dodging
 + Level 4.5 Stealth
 + Level 1.7 Shields
 + Level 1.7 Unarmed Combat
 + Level 5.2 Spellcasting
 + Level 2.5 Conjurations
 + Level 1.3 Hexes
 + Level 1.3 Charms
 + Level 1.3 Summonings
 + Level 1.3 Necromancy
 + Level 1.3 Translocations
 + Level 1.3 Transmutations
 + Level 5.6 Fire Magic
 + Level 1.3 Ice Magic
 + Level 1.3 Air Magic
 + Level 1.3 Earth Magic
 + Level 1.3 Poison Magic
 + Level 1.9 Invocations
 + Level 1.7 Evocations


You had 5 spell levels left.
You knew the following spells:

 Your Spells              Type           Power        Failure   Level  Hunger
a - Flame Tongue          Conj/Fire      ###..        2%          1    None
c - Conjure Flame         Conj/Fire      ###.....     7%          3    ##.....
j - Throw Flame           Conj/Fire      ###...       3%          2    None
t - Sticky Flame          Conj/Fire      ###.....     22%         4    ####...


Dungeon Overview and Level Annotations

Branches:
Dungeon (5/15)
 Temple: D:4-7

Altars:
Dithmenos
Okawaru
Trog


Innate Abilities, Weirdness & Mutations

Your experience applies equally to all skills.
You have very sharp teeth.
Your uncanny sense of smell can sniff out nearby items.


Message History

You hit the worker ant but do no damage.
The worker ant is poisoned.
Your bite misses the worker ant.
The worker ant is heavily wounded.
The worker ant misses you. The worker ant bites you.
* * * LOW HITPOINT WARNING * * *
You hit the worker ant but do no damage.
The worker ant looks as sick as possible!
The worker ant is severely wounded.
You kill the worker ant!
It was a potion of heal wounds.
You feel much better.
A leopard gecko and a ball python come into view.
Found a pearl ring.
The leopard gecko hisses angrily.
The helpless ball python fails to defend itself.
You slash the ball python!
You kill the ball python!
You see here a pearl ring.
Casting: Flame Tongue (safe; 2% risk of failure)
Confirm with . or Enter, or press ? or * to list all spells.
Aiming: Flame Tongue (safe; 2% risk of failure)
Press: ? - help, Shift-Dir - straight line, f - leopard gecko
Aim: a leopard gecko (clinging)
The flame tongue hits the leopard gecko.
You kill the leopard gecko!
f - a pearl ring Put on which piece of jewellery? (? for menu, Esc to quit)
You feel slightly jumpy.
Oops, that ring feels deathly cold.
f - a cursed ring of teleportation (left hand)
As you read the scroll labeled PUERAFF CY XUPS, it crumbles to dust.
You feel as if something is helping you.
It was a scroll of remove curse.
You remove your ring of teleportation.
You see here a leopard gecko corpse.
Found a robe.
Found a whip.
You see here a whip.
Found a hunting sling.
Found 2 fizzy pink potions.
Found a stone staircase leading down.
You see here 2 fizzy pink potions.
r - 2 fizzy pink potions
There is a stone staircase leading down here.
You climb downwards.
Found a ration.
There is a stone staircase leading up here.
Unknown command.
You see here a ration.
c - 4 rations (gained 1)
Found an escape hatch in the ceiling.
You open the door.
There is an open door here.
Found an iron altar of Okawaru.
Found a scroll labeled TEFUVASATZ and 21 stones.
You open the door. 2 iguanas come into view.
The iguana hisses angrily. x2
You closely miss the iguana. The iguana barely misses you.
You closely miss the iguana. The iguana completely misses you.
You completely miss the iguana. The iguana closely misses you.
You closely miss the iguana. The iguana misses you.
The iguana bites you but does no damage.
You closely miss the iguana. You bite the iguana, but do no damage.
You hit the iguana but do no damage.
The iguana is poisoned.
The iguana barely misses you. The iguana closely misses you.
Casting: Flame Tongue (safe; 2% risk of failure)
Confirm with . or Enter, or press ? or * to list all spells.
Aiming: Sticky Flame (slightly dangerous; 24% risk of failure)
Press: ? - help, Shift-Dir - straight line, f - iguana
Aim: an iguana You miscast Sticky Flame.
You are very lightly contaminated with residual magic.
Strange energies run through your body. The iguana bites you!
The iguana barely misses you.
You slash the iguana!
The iguana is poisoned.
Your bite misses the iguana.
The iguana is heavily wounded.
You hit the iguana but do no damage. The iguana closely misses you.
The iguana bites you.
You closely miss the iguana.
The iguana is heavily wounded.
You hit the iguana. The iguana completely misses you.
The iguana barely misses you.
You hit the iguana. Your bite misses the iguana.
The iguana is severely wounded.
You closely miss the iguana. The iguana bites you!
* * * LOW HITPOINT WARNING * * *
The iguana bites you!
* * * LOW HITPOINT WARNING * * *
Casting: Sticky Flame (slightly dangerous; 24% risk of failure)
Confirm with . or Enter, or press ? or * to list all spells.
Aiming: Flame Tongue (safe; 2% risk of failure)
Press: ? - help, Shift-Dir - straight line, f/p - iguana
Aim: an iguana (almost dead, poisoned)
The flame tongue misses the iguana.
You kill the iguana!
You have reached level 6!
Your experience leads to an increase in your attributes!
Increase (S)trength, (I)ntelligence, or (D)exterity?
You feel clever. The iguana bites you!
You die...

#......# #......# ∆
?.(.. #......# .....
#......# ..#...
#......#### .#_#..
#.........####..#..#
#<........'.........
#.........#.........
#.........#†@.......
#.........##l#######
#########.....
#..<... #.......
#........ #.........
###########


You could see an iguana.

Vanquished Creatures
  A scorpion (D:4)
  An iguana (D:5)
  2 worker ants (D:4)
  5 adders
  An ooze (D:2)
  A worm (D:4)
  2 dart slugs
  4 leopard geckos
  2 giant cockroaches
  5 goblins (D:2)
  12 hobgoblins
  2 jackals (D:2)
  A kobold (D:3)
  2 quokkas (D:2)
  2 ball pythons
  4 bats
  3 frilled lizards
  3 rats
53 creatures vanquished.

Notes
Turn   | Place    | Note
-------+----------+-------------------------------------------
     0 | D:1      | tidbits the Gnoll Fire Elementalist began the quest for the Orb.
     0 | D:1      | Reached XP level 1. HP: 13/13 MP: 6/6
    51 | D:1      | Reached skill level 2 in Conjurations
    67 | D:1      | Reached XP level 2. HP: 18/19 MP: 2/7
    71 | D:1      | Learned a level 2 spell: Throw Flame
   269 | D:2      | Reached XP level 3. HP: 19/25 MP: 2/9
   279 | D:2      | Reached skill level 5 in Spellcasting
   313 | D:2      | Learned a level 3 spell: Conjure Flame
   395 | D:2      | Reached skill level 1 in Invocations
   419 | D:2      | Reached skill level 1 in Fighting
   419 | D:2      | Reached skill level 1 in Short Blades
   419 | D:2      | Reached skill level 1 in Long Blades
   419 | D:2      | Reached skill level 1 in Axes
   419 | D:2      | Reached skill level 1 in Maces & Flails
   419 | D:2      | Reached skill level 1 in Polearms
   419 | D:2      | Reached skill level 1 in Staves
   419 | D:2      | Reached skill level 1 in Slings
   419 | D:2      | Reached skill level 1 in Bows
   419 | D:2      | Reached skill level 1 in Crossbows
   419 | D:2      | Reached skill level 1 in Throwing
   419 | D:2      | Reached skill level 1 in Armour
   419 | D:2      | Reached skill level 1 in Shields
   419 | D:2      | Reached skill level 1 in Unarmed Combat
   419 | D:2      | Reached skill level 1 in Evocations
   425 | D:2      | Reached XP level 4. HP: 17/32 MP: 0/11
   653 | D:3      | Reached skill level 1 in Hexes
   653 | D:3      | Reached skill level 1 in Charms
   653 | D:3      | Reached skill level 1 in Summonings
   653 | D:3      | Reached skill level 1 in Necromancy
   653 | D:3      | Reached skill level 1 in Translocations
   653 | D:3      | Reached skill level 1 in Transmutations
   653 | D:3      | Reached skill level 1 in Ice Magic
   653 | D:3      | Reached skill level 1 in Air Magic
   653 | D:3      | Reached skill level 1 in Earth Magic
   653 | D:3      | Reached skill level 1 in Poison Magic
   675 | D:3      | Found a bloodstained altar of Trog.
   689 | D:4      | Reached XP level 5. HP: 25/37 MP: 7/12
   703 | D:4      | Found a shadowy altar of Dithmenos.
   730 | D:4      | Learned a level 4 spell: Sticky Flame
   804 | D:5      | Entered Level 5 of the Dungeon
   821 | D:5      | Found an iron altar of Okawaru.
   832 | D:5      | HP: 2/37 [iguana (12)]
   833 | D:5      | Reached XP level 6. HP: 3/44 MP: 7/13
   833 | D:5      | Slain by an iguana

Vault maps used:
D:1:      co_arrival_square_in_a_square_in_a_square, kennysheep_another_room
D:2:      cheibrodos_greedy_goblins
D:3:      nicolae_overflow_crystal_walls, corexii_leaking_fountain, st_stairs_7,
          bloody_trog
D:4:      lemuel_coloured_pillars_altar, first_ration, tso_altar
D:5:      grunt_temple_overflow_forces_of_nature, okawaru_metal_pillars_1_2,
          trog_butcher_becter, uniq_eustachio

Skill      XL: |  1  2  3  4 |
---------------+-------------+-----
Conjurations   | 2 |  2.5
Spellcasting   | 5 |  5.2
Invocations    | 1 |  1.9
Fighting       | 1 |  1.7
Short Blades   | 1 |  1.7
Long Blades    | 1 |  1.7
Axes           | 1 |  1.7
Maces & Flails | 1 |  1.7
Polearms       | 1 |  1.7
Staves         | 1 |  1.7
Slings         | 1 |  1.7
Bows           | 1 |  1.7
Crossbows      | 1 |  1.7
Throwing       | 1 |  1.7
Armour         | 1 |  1.7
Shields        | 1 |  1.7
Unarmed Combat | 1 |  1.7
Evocations     | 1 |  1.7
Hexes          | 1 |  1.3
Charms         | 1 |  1.3
Summonings     | 1 |  1.3
Necromancy     | 1 |  1.3
Translocations | 1 |  1.3
Transmutations | 1 |  1.3
Ice Magic      | 1 |  1.3
Air Magic      | 1 |  1.3
Earth Magic    | 1 |  1.3
Poison Magic   | 1 |  1.3
Dodging        | |  4.9
Stealth        | |  4.5
Fire Magic     | |  5.6

Action                   |  1- 3 |  4- 6 || total
-------------------------+-------+-------++-------
Melee: Hand axe          |    23 |    26 ||    49
       Bite              |     4 |     3 ||     7
       Punch             |     1 |       ||     1
 Cast: Flame Tongue      |    41 |    35 ||    76
  Use: Scroll            |       |     1 ||     1
       Potion            |       |     1 ||     1
 Stab: Sleeping          |     2 |     1 ||     3
Armor: Robe              |     5 |     3 ||     8
Dodge: Dodged            |    28 |    39 ||    67

Table legend:
 A = Spawn XP
 B = Non-spawn XP
 C = Spawn XP percentage of total XP
 D = Spawn monster count
 E = Non-spawn monster count
 F = Spawn count percentage of total count
 G = Total turns spent on level
                    A         B        C        D         E        F      G
               +---------+---------+-------+---------+---------+-------+---------
         Total |       0 |     335 |   0.0 |       0 |      53 |   0.0 |   833
               +---------+---------+-------+---------+---------+-------+---------
           D:1 |       0 |      13 |   0.0 |       0 |       7 |   0.0 |   210
           D:2 |       0 |     104 |   0.0 |       0 |      30 |   0.0 |   364
           D:3 |       0 |      27 |   0.0 |       0 |       8 |   0.0 |   105
           D:4 |       0 |     155 |   0.0 |       0 |       7 |   0.0 |   125
           D:5 |       0 |      36 |   0.0 |       0 |       1 |   0.0 |    29
               +---------+---------+-------+---------+---------+-------+---------

Table legend:
 A = Turns spent in this place as a percentage of turns spent in the entire game.
 B = Non-inter-level travel turns spent in this place as a percentage of non-inter-level travel turns spent in the entire game.
 C = Inter-level travel turns spent in this place as a percentage of turns spent in this place.
 D = Turns resting spent in this place as a percentage of non-inter-level travel turns spent in this place.
 E = Turns spent auto-exploring this place as a percentage of non-inter-level travel turns spent in this place.
 F = Non-inter-level travel turns spent in this place divided by the number of levels of this place that you've seen.
                   A       B       C       D       E      F
               +-------+-------+-------+-------+-------+----------------------
         Total | 100.0 | 100.0 |   0.0 |   0.0 |   0.0 | 166.6
       Dungeon | 100.0 | 100.0 |   0.0 |   0.0 |   0.0 | 166.6
               +-------+-------+-------+-------+-------+----------------------

Table legend:
 A = Kills in this place as a percentage of kills in entire the game.
 B = Kills by you in this place as a percentage of kills by you in the entire game.
 C = Kills by friends in this place as a percentage of kills by friends in the entire game.
 D = Other kills in this place as a percentage of other kills in the entire game.
 E = Experience gained in this place as a percentage of experience gained in the entire game.
 F = Experience gained in this place divided by the number of levels of this place that you have seen.
                   A       B       C       D       E      F
               +-------+-------+-------+-------+-------+----------------------
         Total | 100.0 | 100.0 |   N/A |   N/A | 100.0 |  67.0
       Dungeon | 100.0 | 100.0 |   N/A |   N/A | 100.0 |  67.0
               +-------+-------+-------+-------+-------+----------------------

Vault maps used:
D:1:      co_arrival_square_in_a_square_in_a_square, kennysheep_another_room
D:2:      cheibrodos_greedy_goblins
D:3:      nicolae_overflow_crystal_walls, corexii_leaking_fountain, st_stairs_7,
          bloody_trog
D:4:      lemuel_coloured_pillars_altar, first_ration, tso_altar
D:5:      grunt_temple_overflow_forces_of_nature, okawaru_metal_pillars_1_2,
          trog_butcher_becter, uniq_eustachio
